 Dungeon Crawl Stone Soup version 0.32-a0-656-g3542139ebd (webtiles) character file.

Game seed: 4558113495387158624

420 Fodor the Chopper (level 6, -2/55 HPs)
             Began as a Minotaur Fighter on Mar 8, 2024.
             Slain by Pikel
             ... wielding a +2 whip of freezing
              (5 damage)
             ... on level 4 of the Dungeon.
             The game lasted 00:07:38 (3208 turns).

Fodor the Chopper (Minotaur Fighter)                Turns: 3208, Time: 00:07:39

Health: -2/55      AC:  7    Str: 23    XL:     6   Next: 62%
Magic:  5/5        EV:  9    Int:  5    God:
Gold:   246        SH:  8    Dex:  9    Spells: 5/5 levels left

rFire   . . .        a - +0 war axe
rCold   . . .        t - +0 kite shield
rNeg    . . .        b - +0 scale mail
rPois   .            (helmet restricted)
rElec   .            (no cloak)
rCorr   .            (no gloves)
SInv    .            (no boots)
Will    .....        (no amulet) Stlth
                     (no ring)
HPRegen 0.29/turn    (no ring)
MPRegen 0.09/turn

%: no passive effects
@: no status effects
A: horns 2, retaliatory headbutt
a: no special abilities


You were on level 4 of the Dungeon.
You visited 1 branch of the dungeon, and saw 4 of its levels.

You collected 246 gold pieces.

Inventory:

Hand Weapons
 a - a +0 war axe (weapon)
Missiles
 k - a boomerang (quivered)
Armour
 b - a +0 scale mail (worn)
 t - a +0 kite shield (worn)
Wands
 p - a wand of acid (14)
Scrolls
 e - 2 scrolls of noise {unknown}
 f - 4 scrolls of identify {unknown}
 h - 2 scrolls of teleportation {unknown}
 j - a scroll of blinking {unknown}
 n - 2 scrolls of enchant weapon {unknown}
 r - 3 scrolls of poison {unknown}
Potions
 d - a potion of might
 g - a potion of invisibility {unknown}
 i - a potion of haste {unknown}
 l - a potion of attraction {unknown}
 m - a potion of berserk rage {unknown}
 o - 2 potions of heal wounds {unknown}
 q - a potion of brilliance {unknown}
 s - a potion of magic {unknown}


   Skills:
 + Level 4.9 Fighting
 + Level 5.4 Axes
 + Level 2.3 Throwing
 + Level 5.1 Armour
 + Level 1.0 Dodging
 + Level 4.5 Shields


You had 5 spell levels left.
You didn't know any spells.
Your spell library contained the following spells:

 Spells                   Type           Power      Damage    Failure   Level
 Sting                    Conj/Alch      0%         1d3       95%         1
 Mercury Vapours          Alch/Air       0%         N/A       99%         2
 Olgreb's Toxic Radiance  Alch           0%         N/A       100%        4


Dungeon Overview and Level Annotations

Branches:
Dungeon (4/15)
 Temple: D:4-7

Altars:
Qazlal
Zin
The Shining One

Annotations:
D:4 1 runed translucent door, Pikel; croobank's ghost, novice DENe


Innate Abilities, Weirdness & Mutations

You have a pair of horns on your head.
You reflexively headbutt those who attack you in melee.


Message History

Pikel, Merchant of Souls comes into view.
He is wielding a +2 whip of freezing.
Found a scroll labelled ENLOUCK VIAR and a scroll labelled FYNEM ATTAOQUB.
A lemure comes into view.
A lemure comes into view.
The lemure shouts! x2
You closely miss the lemure.
A lemure comes into view.
The lemure hits you.
Found 13 gold pieces.
The lemure shouts!
The lemure hits you but does no damage.
You slash Pikel!
Pikel is moderately wounded.
You closely miss the lemure. The lemure hits you but does no damage.
Pikel hits you with a +2 whip of freezing.
Pikel freezes you. The lemure hits you but does no damage.
Pikel hits you but does no damage. The lemure hits you!
You hit Pikel.
Pikel is moderately wounded.
You hit the lemure. You slash the lemure! You barely miss the lemure.
You block the lemure's attack. The lemure closely misses you.
You furiously retaliate!
You headbutt the lemure.
Pikel hits you with a +2 whip of freezing!
Pikel freezes you. The lemure hits you!
You closely miss Pikel.
Pikel is moderately wounded.
You closely miss the lemure. You hit the lemure. You slash the lemure!
The lemure hits you. Pikel barely misses you. You furiously retaliate!
You headbutt Pikel. The lemure hits you but does no damage.
You hit Pikel. You headbutt Pikel.
Pikel is severely wounded.
You closely miss the lemure. You hit the lemure. You barely miss the lemure.
You hit the lemure but do no damage. The lemure hits you.
* * * LOW HITPOINT WARNING * * *
The lemure barely misses you. x2
Pikel hits you with a +2 whip of freezing!
* * * LOW HITPOINT WARNING * * *
Pikel freezes you.
You die...
Pikel says, "Another soul for the market."

##+##..........
#.............. #
##..#........##
..#########..##########
..?.......#.##
$.........†.#
............#
......55....#
......K@...##
..?...55...#
...........#
.........#.#
.....$...#.#
.......##... ...####
.... ### ## ..


You could see Pikel and 4 lemures.

Vanquished Creatures
  Sigmund (D:2)
  A scorpion (D:4)
  A hound (D:3)
  Ijyb (D:3)
  9 adders
  A dart slug (D:3)
  2 ribbon worms (D:3)
  An orc (D:4)
  8 endoplasms
  9 hobgoblins
  6 bats
  4 frilled lizards
  6 goblins
  10 kobolds
  3 rats
63 creatures vanquished.

Notes
Turn   | Place    | Note
-------+----------+-------------------------------------------
     0 | D:1      | Fodor the Minotaur Fighter began the quest for the Orb.
     0 | D:1      | Reached XP level 1. HP: 19/19 MP: 0/0
   310 | D:1      | Reached XP level 2. HP: 23/27 MP: 1/1
   856 | D:2      | Noticed Sigmund
   874 | D:2      | Killed Sigmund
   875 | D:2      | Reached XP level 3. HP: 9/34 MP: 2/2
   875 | D:2      | Reached XP level 4. HP: 11/41 MP: 3/3
   875 | D:2      | Reached XP level 5. HP: 13/47 MP: 4/4
  1076 | D:2      | Found a stormy altar of Qazlal.
  1891 | D:3      | Found a glowing silver altar of Zin.
  1987 | D:3      | Reached skill level 1 in Throwing
  2104 | D:3      | Noticed Ijyb
  2112 | D:3      | Killed Ijyb
  2113 | D:3      | Reached XP level 6. HP: 41/55 MP: 5/5
  2259 | D:3      | Reached skill level 5 in Armour
  2265 | D:3      | Reached skill level 5 in Axes
  3030 | D:4      | Reached skill level 1 in Dodging
  3157 | D:4      | Found a glowing golden altar of the Shining One.
  3194 | D:4      | Found a runed translucent door.
  3195 | D:4      | Noticed croobank's ghost (novice DENe)
  3201 | D:4      | Noticed Pikel
  3208 | D:4      | Slain by Pikel

Illustrated notes

Levels and vault maps discovered:
D:1:      dpeg_arrival_connections, layout_loops_ring,
          chequers_serial_rivers_small_a, serial_bayou_ford_a,
          minmay_pentomino_s2
D:2:      layout_basic, basic_altar, uniq_sigmund
D:3:      minmay_recursive_quarters, layout_basic,
          lemuel_coloured_pillars_altar, uniq_ijyb
D:4:      layout_cave_pods, tso_metal_star, ebering_ghost_sewer_f, uniq_pikel

Skill      XL: |  1  2  3  4  5  6 |
---------------+-------------------+-----
Fighting       | 4 |  4.9
Axes           | 4 5 |  5.4
Armour         | 4 5 |  5.1
Shields        | 4 |  4.5
Throwing       | 1 2 |  2.3
Dodging        | 1 |  1.0

Action                     |  1- 3 |  4- 6 || total
---------------------------+-------+-------++-------
  Melee: War axe           |    34 |    93 ||   127
         Headbutt          |     4 |    13 ||    17
  Throw: Boomerang         |       |    72 ||    72
 Armour: Scale mail        |    34 |    85 ||   119
  Dodge: Dodged            |    29 |    51 ||    80
  Block: Buckler           |     7 |    13 ||    20
         Kite shield       |       |    11 ||    11

Table legend: (Time is in decaauts)
 A = Elapsed time spent in this place.
 B = Non-inter-level travel time spent in this place.
 C = Inter-level travel time spent in this place.
 D = Time resting spent in this place.
 E = Time spent auto-exploring this place.
 F = Levels seen in this place.
 G = Mean time per level.
                   A        B        C        D        E       F      G
               +--------+--------+--------+--------+--------+-----+--------+
         Total |   3287 |   3215 |     72 |    438 |   2142 |   4 |  821.8 |
       Dungeon |   3287 |   3215 |     72 |    438 |   2142 |   4 |  821.8 |
               +--------+--------+--------+--------+--------+-----+--------+

Top non-repeatable levels by time:
     D:2: 1077 daAuts
     D:1: 825 daAuts
     D:3: 784 daAuts
     D:4: 599 daAuts
